AoeStats
← zenflame

Pilgrims

507323819Analyzed
3v3 RM · 16d ago on Sep 17, 2026· 41m 41s· 6 players
Game mode
Random Map
Map size
Normal (6 player)
Population
200
Speed
Normal
Resources
Standard
Victory
Conquest
Starting age
Dark Age
Ending age
Imperial Age
RankedLock teamsTeams togetherTeam positionsShared explorationLock speedFull tech treeHidden civsTurbo modeCheats
Victory
Defeat
🇦🇹 Portuguese · Austria
1004
+16
🇲🇽 Byzantines · Mexico
978
+18
🇨🇦 Dravidians · Canada
976
+18
🇬🇧 Wei · United Kingdom
1024
-18
🇬🇧 Inca · United Kingdom
1012
-17
🇬🇧 Vietnamese · United Kingdom
1004
-17
在里面
3:47 Loom
16:04 Feudal Age
16:44 Double-Bit Axe
16:44 Fishing Lines
25:27 Castle Age
26:54 Wheelbarrow
28:31 Horse Collar
28:54 Gillnets
31:44 Heavy Plow
33:23 Pikeman
34:04 Squires
33:50 Gambesons
33:50 Arson
36:40 Hand Cart
36:11 Town Watch
37:47 Scale Mail Armor
37:57 Forging
40:12 Town Patrol
41:09 Bow Saw
RaulelPiadoso
3:27 Loom
10:47 Feudal Age
12:09 Double-Bit Axe
13:56 Fishing Lines
16:42 Gold Mining
19:22 Castle Age
17:15 Stone Mining
18:17 Forging
18:56 Scale Barding Armor
21:39 Iron Casting
21:06 Gillnets
23:10 Bow Saw
23:57 Medium Warships
24:52 Fletching
25:44 Bodkin Arrow
29:33 Imperial Age
29:37 Wheelbarrow
30:24 Chain Barding Armor
30:00 Heavy Camel Rider
32:10 Plate Barding Armor
32:58 Hand Cart
34:27 Bracer
36:09 Conscription
40:33 Padded Archer Armor
41:26 Gold Shaft Mining
40:38 Elite Skirmisher
dissdisshit
7:18 Loom
13:38 Feudal Age
15:38 Wheelbarrow
14:57 Gold Mining
15:16 Town Watch
15:39 Double-Bit Axe
16:44 Stone Mining
16:40 Horse Collar
17:54 Fishing Lines
18:10 Fletching
21:38 Castle Age
19:53 Bloodlines
22:18 Forging
22:08 Scale Mail Armor
22:16 Gillnets
22:44 Medium Warships
22:54 Town Patrol
23:06 Bow Saw
23:00 Heavy Plow
24:00 Scale Barding Armor
24:46 Pikeman
26:08 Iron Casting
25:30 Bodkin Arrow
27:33 Circumnavigation
27:18 Treadmill Crane
29:18 Hand Cart
31:14 Stone Shaft Mining
33:36 Imperial Age
32:58 Fervor
33:08 Sanctity
33:37 Masonry
33:48 Ballistics
33:26 Murder Holes
34:27 Arquebus
34:48 Conscription
35:23 Architecture
37:48 Siege Engineers
38:50 Chemistry
38:04 Bracer
38:36 Guilds
38:28 Heated Shot
40:33 Blast Furnace
41:16 Two-Man Saw
40:50 Crop Rotation
LPauline
6:39 Loom
13:34 Feudal Age
13:42 Champi Runner
20:06 Castle Age
20:03 Forging
19:54 Scale Mail Armor
21:06 Medium Warships
20:32 Champi Warrior
21:13 Squires
26:50 Chain Mail Armor
35:06 Wheelbarrow
35:16 Double-Bit Axe
35:11 Horse Collar
35:29 Pikeman
38:58 Iron Casting
toby
7:18 Loom
14:12 Feudal Age
19:48 Castle Age
24:07 Crossbowman
24:43 Fletching
28:04 Horse Collar
30:32 Double-Bit Axe
33:44 Imperial Age
32:09 Wheelbarrow
33:42 Bodkin Arrow
33:48 Padded Archer Armor
34:33 Thumb Ring
33:52 Arbalester
36:34 Ballistics
39:40 Gold Mining
41:17 Stone Mining
zenflame
3:53 Loom
7:31 Loom
13:51 Feudal Age
15:10 Double-Bit Axe
22:51 Castle Age
32:43 Husbandry
32:54 Bloodlines
39:29 Gold Mining
Connection lost

Rejoining the realm…

Still unreachable

The connection could not be restored.

Session expired

The server has moved on; the page needs a fresh start.